Map: Lerilak Crest

Players

speaknow (ByuN)

  • Race: Terran Terran
  • League: Platinum

AcerNerchio (Nerchio) - Winner!

  • Race: Zerg Zerg

Event: Gauntlet LotV Series 1 Qualifier 1

VOD

Have the link to the VOD?

Description

Time

  • Played on: Nov. 22, 2015, 7:37 p.m.
  • Length: 13:07

All games in this series

Show
View Real Time Build Order
Export as new Build Order

speaknow Terran 

Build Orders: Reaper Expand, Bio Tank, MMM Bio 

Get SALT Encoding   

  12  0:01  SCV  
  13  0:13  SCV  
  14  0:17  Supply Depot  
  14  0:25  SCV  
  15  0:38  SCV  
  15  0:39  Barracks  
  16  0:43  Refinery  
  16  0:50  SCV  
  17  1:02  SCV  
  18  1:15  SCV  
  19  1:27  Reaper, Orbital Command  
  20  1:39  Command Center  
  20  1:48  Supply Depot  
  20  1:53  SCV  
  21  1:59  Marine  
  22  2:04  Factory  
  22  2:07  SCV  
  23  2:12  Refinery  
  23  2:19  SCV  
  23  2:20  Barracks Reactor  
  24  2:31  SCV  
  25  2:43  SCV  
  26  2:52  Starport  
  26  2:53  Orbital Command  
  26  2:55  SCV  
  27  3:02  Hellion x2  
  31  3:06  Barracks Tech Lab  
  31  3:07  SCV  
  32  3:20  SCV  
  32  3:23  Widow Mine x2  
  36  3:34  SCV x2  
  36  3:35  Barracks Tech Lab  
  36  3:38  Banshee  
  41  3:42  Supply Depot  
  41  3:46  SCV  
  43  3:52  Hellion  
  45  3:56  Marine  
  45  4:00  Orbital Command  
  45  4:12  Stimpack  
  45  4:14  Marauder  
  45  4:16  Hellion x2  
  49  4:21  Banshee  
  52  4:29  SCV x2  
  54  4:49  Supply Depot  
  54  4:50  Command Center  
  54  4:51  Supply Depot  
  54  4:53  Supply Depot  
  54  5:05  Barracks  
  54  5:06  Factory Reactor  
  54  5:11  SCV x2  
  54  5:13  Barracks  
  56  5:17  Starport Reactor  
  56  5:23  SCV x2  
  56  5:24  Marine  
  56  5:27  Engineering Bay  
  59  5:33  Engineering Bay  
  59  5:35  SCV x2, Bunker  
  61  5:45  Marine  
  61  5:47  SCV  
  61  5:48  SCV  
  64  5:52  Supply Depot  
  64  5:59  SCV  
  64  6:00  SCV, Siege Tank, Marine x2  
  64  6:03  Marine  
  72  6:04  Refinery  
  72  6:06  Refinery  
  72  6:09  Orbital Command  
  72  6:11  Terran Infantry Weapons Level 1, SCV  
  72  6:12  SCV  
  72  6:13  Terran Infantry Armor Level 1  
  74  6:22  Combat Shields, Marine x3  
  74  6:23  SCV  
  74  6:24  SCV  
  79  6:35  Siege Tank  
  79  6:37  Medivac  
  83  6:41  Marine x2  
  83  6:42  Marine x3  
  88  6:50  SCV x2  
  88  6:51  SCV  
  76  6:59  Marine x2  
  76  7:00  Marine x3  
  77  7:02  SCV x2  
  77  7:05  SCV  
  75  7:14  SCV x2  
  77  7:16  Marine  
  77  7:17  SCV, Marine  
  80  7:24  Marine  
  80  7:25  Marine x2  
  80  7:26  SCV x2  
  85  7:36  SCV  
  86  7:38  SCV  
  86  7:39  SCV  
  86  7:40  Siege Tank  
  86  7:42  Medivac x2  
  95  7:45  Marine x3  
  95  7:46  Marine  
  95  7:50  SCV x2  
  101  7:55  Supply Depot x2  
  101  8:02  Armory  
  101  8:06  Supply Depot  
  101  8:14  Barracks  
  101  8:16  Barracks  
  101  8:17  SCV x3, Marine x4  
  101  8:18  Marauder  
  110  8:29  SCV x3, Medivac x2  
  110  8:32  Siege Tank  
  120  8:40  Supply Depot  
  120  8:41  SCV x2  
  122  8:42  Supply Depot  
  122  8:49  Marine  
  122  8:50  Marine x2  
  122  8:51  Marine  
  122  8:54  Marauder  
  124  9:02  Medivac x2  
  128  9:03  Barracks Tech Lab  
  128  9:04  Barracks Reactor  
  128  9:07  Supply Depot x2  
  128  9:09  Supply Depot, Refinery  
  127  9:10  Refinery  
  127  9:13  Terran Infantry Weapons Level 2  
  126  9:18  Terran Infantry Armor Level 2  
  126  9:25  Marine x4  
  126  9:28  Marauder  
  126  9:29  Marauder  
  134  9:32  SCV x2  
  134  9:35  Terran Vehicle Weapons Level 1  
  136  9:43  Marine x2  
  136  9:44  Marine x2  
  140  9:49  Marauder  
  140  9:50  Marine x2  
  140  9:51  Marauder  
  146  10:13  Marine x4, Marauder  
  122  10:19  Marine x2  
  122  10:20  Marauder  
  123  10:22  Siege Tank  
  123  10:24  Medivac x2  
  123  10:28  Factory  
  130  10:30  Command Center  
  130  10:34  Marine x3, Marauder  
  130  10:35  Marine  
  127  10:42  Marauder  
  128  10:54  Siege Tank  
  131  11:00  Marauder  
  131  11:01  Marine x6  
  131  11:03  Marauder  
  135  11:14  Factory Tech Lab  
  135  11:20  Barracks x2  
  135  11:23  Barracks  
  135  11:25  Ghost Academy  
  135  11:26  Siege Tank  
  138  11:38  Marine x5, Marauder x2  
  138  11:39  Marine  
  147  11:41  Siege Tank  
  150  11:59  Medivac x2  
  154  12:03  Ghost x2  
  154  12:06  Siege Tank  
  154  12:07  Barracks Tech Lab x2  
  143  12:19  Barracks Tech Lab  
  143  12:30  Ghost, Medivac x2  
  143  12:34  Ghost  
Show
View Real Time Build Order
Export as new Build Order

AcerNerchio Zerg - Winner!

Build Orders: Hatch First, Roach Nydus 

Get SALT Encoding   

  12  0:01  Drone  
  13  0:12  Overlord  
  13  0:17  Drone  
  14  0:30  Drone  
  14  0:31  Drone  
  14  0:34  Drone  
  17  0:52  Hatchery  
  17  0:55  Drone  
  17  0:58  Drone  
  18  1:12  Spawning Pool  
  18  1:14  Drone  
  18  1:18  Drone  
  19  1:22  Extractor  
  18  1:28  Drone  
  19  1:38  Overlord  
  19  1:58  Zergling x2, Queen  
  19  2:00  Zergling x2  
  23  2:04  Queen  
  23  2:05  Zergling x2  
  26  2:11  Drone  
  26  2:12  Roach Warren  
  26  2:15  Drone  
  27  2:22  Drone  
  28  2:26  Drone  
  29  2:37  Overlord  
  29  2:39  Overlord  
  27  2:56  Roach  
  27  2:57  Roach x2  
  33  2:59  Roach  
  35  3:06  Roach  
  35  3:11  Roach x3  
  43  3:17  Overlord, Drone  
  44  3:20  Drone  
  44  3:23  Drone  
  44  3:26  Drone  
  46  3:29  Drone  
  46  3:31  Drone  
  48  3:37  Ravager  
  48  3:38  Drone  
  50  3:44  Roach  
  50  3:45  Drone x2  
  50  3:47  Drone  
  55  3:51  Overlord  
  55  3:54  Drone  
  56  3:55  Drone  
  56  3:57  Drone  
  56  4:02  Overlord  
  58  4:07  Overlord  
  58  4:14  Drone x2  
  58  4:15  Drone x3  
  58  4:20  Drone x3  
  59  4:34  Hatchery  
  59  4:35  Extractor  
  59  4:36  Extractor  
  59  4:38  Lair  
  54  4:40  Drone  
  55  4:45  Drone  
  55  4:46  Drone x3  
  55  4:50  Drone x2  
  55  4:51  Drone  
  55  4:52  Drone  
  63  5:01  Queen  
  63  5:06  Roach x2  
  69  5:09  Overlord  
  69  5:11  Extractor  
  69  5:13  Overlord  
  68  5:18  Overlord  
  68  5:20  Roach x3  
  74  5:23  Overlord  
  74  5:36  Nydus Network  
  74  5:37  Overseer, Queen  
  74  5:39  Roach x2  
  74  5:42  Roach  
  81  5:43  Roach  
  81  5:48  Queen  
  85  5:58  Roach x4  
  93  6:13  Nydus Canal  
  93  6:19  Overlord x2  
  93  6:23  Spore Crawler  
  93  6:24  Glial Reconstitution  
  92  6:28  Queen  
  92  6:32  Spore Crawler  
  89  6:48  Drone x10  
  89  6:49  Drone x3  
  96  6:59  Roach x4  
  96  7:00  Roach  
  90  7:03  Roach x4  
  90  7:10  Evolution Chamber x2  
  90  7:13  Queen  
  82  7:17  Infestation Pit  
  82  7:19  Queen  
  81  7:26  Queen  
  81  7:28  Roach  
  81  7:29  Roach x2  
  89  7:31  Roach  
  91  7:39  Overseer  
  91  7:44  Drone x2  
  91  7:45  Drone  
  91  7:46  Spore Crawler, Drone x3  
  91  7:48  Spore Crawler x2  
  91  7:51  Overlord x2  
  94  7:57  Zerg Ground Armor Level 1  
  94  8:01  Infestor  
  94  8:02  Infestor  
  98  8:10  Drone x2  
  98  8:12  Hive  
  100  8:14  Extractor  
  100  8:15  Drone  
  100  8:16  Drone x2, Extractor  
  101  8:22  Drone  
  101  8:24  Zerg Melee Weapons Level 1  
  101  8:25  Overlord  
  102  8:29  Drone x3  
  102  8:33  Drone  
  106  8:34  Overlord  
  106  8:38  Overlord  
  106  8:44  Roach  
  106  8:45  Roach x3  
  111  9:07  Hatchery  
  111  9:09  Metabolic Boost  
  110  9:15  Roach x3  
  116  9:17  Drone  
  116  9:18  Drone x4  
  116  9:19  Overlord  
  116  9:23  Burrow  
  121  9:27  Extractor  
  121  9:28  Ultralisk Cavern  
  121  9:29  Ravager x3  
  121  9:30  Ravager x2  
  124  9:37  Queen  
  126  9:44  Overlord  
  126  9:45  Queen  
  126  9:46  Hatchery  
  127  9:53  Zerg Ground Armor Level 2  
  127  10:03  Zergling x20  
  126  10:22  Chitinous Plating  
  126  10:23  Ultralisk x2  
  126  10:24  Ultralisk  
  126  10:28  Queen  
  146  10:34  Drone x4, Extractor  
  149  10:43  Drone x4, Overlord  
  149  10:45  Extractor  
  149  10:47  Overlord  
  149  10:48  Overlord  
  152  10:57  Ultralisk  
  156  11:04  Spore Crawler  
  156  11:08  Ultralisk  
  156  11:11  Pneumatized Carapace  
  161  11:17  Ultralisk  
  167  11:24  Zergling x4  
  167  11:25  Zergling x12  
  167  11:41  Ultralisk  
  167  11:42  Spore Crawler  
  172  11:51  Ultralisk  
  172  11:52  Ultralisk  
  184  11:54  Drone x3  
  184  11:56  Drone  
  184  11:57  Drone  
  186  12:13  Zergling x2  
  186  12:14  Zergling x16  
  189  12:16  Overlord  
  189  12:25  Drone x6  
  189  12:27  Overlord  
  195  12:31  Overlord  
  195  12:42  Zergling x6  
  195  12:43  Zergling x14  
  190  12:46  Zergling x6  
  190  12:48  Zergling x2  
Tags
 
Add a new tag
Caveats
  • Supply blocks, unpowered buildings, or Contaminate may cause inaccurate times.
  • Supply counts are checked every 10 seconds.